 Dungeon Crawl Stone Soup version 0.29.1-debian-1-gc3f1650bb9 (webtiles) character file.

Game seed: 15623257364761180253

2438 Newt the Skirmisher (level 9, 0/58 HPs)
             Began as a Demonspawn Gladiator on Sept 12, 2022.
             Succumbed to a gnoll sergeant's poison
             ... on level 5 of the Dungeon.
             The game lasted 00:08:51 (6655 turns).

Newt the Skirmisher (Demonspawn Gladiator)          Turns: 6655, Time: 00:08:52

Health: 0/58       AC:  7    Str: 14    XL:     9   Next: 25%
Magic:  9/9        EV: 15    Int: 11    God:
Gold:   207        SH:  0    Dex: 18    Spells: 8/8 levels left

rFire   + + .      SeeInvis .   k - +2 sling (venom)
rCold   . . .      Faith    .   (no shield)
rNeg    + . .      Spirit   .   b - +0 leather armour
rPois   .          Reflect  .   c - +0 helmet
rElec   .          Harm     .   (cloak unavailable)
rCorr   .          Rampage  .   (no gloves)
Will    .....                   (no boots)
Stlth   ++........              (no amulet)
HPRegen 0.19/turn               g - ring of positive energy
MPRegen 0.11/turn               (no ring)

@: lethally poisoned (0 -> -14)
A: yellow scales 2, demonic guardian 1, weakness stinger 3, fire resistance 2,
frail 1
a: no special abilities


You were on level 5 of the Dungeon.
You visited 1 branch of the dungeon, and saw 6 of its levels.

You collected 319 gold pieces.
You spent 112 gold pieces at shops.

Inventory:

Hand Weapons
 a - a +0 rapier
 k - a +2 sling of venom (weapon)
Missiles
 d - 4 throwing nets
 e - 5 javelins
Armour
 b - a +0 leather armour (worn)
 c - a +0 helmet (worn)
 s - an orb of guile
Jewellery
 g - a ring of positive energy (left hand)
 h - an amulet of guardian spirit
Wands
 u - a wand of iceblast (2)
 w - a wand of digging (4)
 x - a wand of flame (25)
Scrolls
 i - a scroll of amnesia
 m - a scroll of blinking
 p - a scroll of fear
 q - a scroll of butterflies
 r - a scroll of teleportation
 z - a scroll of torment
Potions
 f - 2 potions of berserk rage
 j - 2 potions of haste
 l - a potion of curing
 n - a potion of resistance
 o - a potion of brilliance
 t - a potion of might
 v - a potion of mutation


   Skills:
 - Level 4.0 Fighting
 - Level 2.6 Short Blades
 - Level 9.0 Ranged Weapons
 - Level 1.7 Throwing
 + Level 6.5 Dodging
 - Level 2.0 Stealth


You had 8 spell levels left.
You didn't know any spells.
Your spell library contained the following spells:

 Spells                   Type           Power      Damage    Failure   Level
 Slow                     Hex            0%         N/A       41%         1
 Sting                    Tmut/Pois      0%         1d3       41%         1
 Ensorcelled Hibernation  Hex/Ice        0%         N/A       56%         2
 Passwall                 Tmut/Erth      0%         N/A       56%         2
 Poisonous Vapours        Pois/Air       0%         N/A       56%         2
 Static Discharge         Conj/Air       0%         3-3/arc   56%         2
 Confusing Touch          Hex            0%         N/A       80%         3
 Swiftness                Air            0%         N/A       80%         3
 Vampiric Draining        Necr           0%         2d6       80%         3
 Dispel Undead            Necr           0%         3d6       99%         4
 Olgreb's Toxic Radiance  Pois           0%         N/A       99%         4
 Sticky Flame             Conj/Fire      0%         2d3       99%         4


Dungeon Overview and Level Annotations

Branches:
Dungeon (6/15)
 Temple: D:4-7

Altars:
Makhleb
Sif Muna

Shops:
D:5 ?

Annotations:
D:1 2 runed translucent doors


Innate Abilities, Weirdness & Mutations

You are mostly covered in yellow scales. (AC +3)
A weak demonic guardian rushes to your aid.
You have a sharp stinger which inflicts weakening toxins.
Your flesh is very heat resistant. (rF++)
You are frail. (-10% HP)


Message History

The gnoll sergeant hits you from afar with a +2 trident of venom!
You are poisoned.
You are too injured to fight recklessly!
You are too injured to fight recklessly!
Unknown command.
You are too injured to fight recklessly!
Fire: k) +2 sling (venom)
Press: ? - help, Shift-Dir - straight line, f - gnoll sergeant
Aim: a gnoll sergeant, wielding a +2 trident of venom, wearing a +0 scale mail and wearing a +0 kite shield (76% to hit)
You shoot a sling bullet.
The sling bullet hits the gnoll sergeant.
The gnoll sergeant is poisoned.
The gnoll sergeant is lightly wounded.
You feel extremely sick.
A gnoll comes into view. It is wielding a +0 club.
The gnoll sergeant closely misses you.
Fire: k) +2 sling (venom)
Press: ? - help, Shift-Dir - straight line, f/p - gnoll sergeant
Aim: a gnoll sergeant, wielding a +2 trident of venom, wearing a +0 scale mail and wearing a +0 kite shield (lightly wounded, very poisoned, 76% to hit)
You shoot a sling bullet.
The gnoll sergeant blocks the sling bullet.
The gnoll shouts!
* * * LOW HITPOINT WARNING * * *
You feel very sick. The gnoll sergeant misses you.
Fire: k) +2 sling (venom)
Press: ? - help, Shift-Dir - straight line, f - you, p - gnoll sergeant
* * * LOW HITPOINT WARNING * * *
You feel very sick.
The gnoll sergeant hits you from afar with a +2 trident of venom.
* * * LOW HITPOINT WARNING * * *
You are lethally poisoned!
You climb upwards.
* * * LOW HITPOINT WARNING * * *
You feel extremely sick.
There is a stone staircase leading down, spattered with blood here.
* * * LOW HITPOINT WARNING * * *
You feel very sick.
You see here a +0 flail.
You die...

#####..# #.#
##........# #..#
##.###.......... #..#
#.....).........
#..###..####.........
#..#....# #....).<..
#..#.##)####.........
###.>).#.....#.........
#....)#...[............
#.....@................
#....#.................
######................|
#.......[........#
#.........#.....##
#.........#######
#.........# #.........#
#.........#


There were no monsters in sight!

Vanquished Creatures
  Pikel (D:4)
  A hornet (D:4)
  Grinder (D:3)
  Sigmund (D:4)
  A steam dragon (D:6)
  Menkaure (D:4)
  A black bear (D:5)
  An orc warrior (D:5)
  A phantom (D:5)
  Blork the orc (D:4)
  A gnoll sergeant (D:5)
  A scorpion (D:5)
  Crazy Yiuf (D:5)
  An orc priest (D:3)
  4 hounds (D:5)
  Natasha (thrice) (D:2)
  An iguana (D:5)
  5 orc wizards (D:3)
  20 gnolls
  7 adders
  A white imp (D:5)
  2 worms (D:4)
  2 dart slugs
  16 orcs
  5 ball pythons
  3 endoplasms
  6 giant cockroaches
  3 goblins
  5 hobgoblins
  10 jackals
  6 quokkas
  11 bats
  3 frilled lizards
  5 kobolds
  7 rats
139 creatures vanquished.

Vanquished Creatures (others)
  A gnoll (D:6)
  An orc (D:6)
2 creatures vanquished.

Grand Total: 141 creatures vanquished

Notes
Turn   | Place    | Note
-------+----------+-------------------------------------------
     0 | D:1      | Newt the Demonspawn Gladiator began the quest for the Orb.
     0 | D:1      | Reached XP level 1. HP: 16/16 MP: 1/1
    30 | D:1      | Reached skill level 1 in Stealth
   195 | D:1      | Found a large runed translucent door.
   195 | D:1      | Found a large runed translucent door.
   205 | D:1      | Gained mutation: You have a small tail. [demonic ancestry]
   205 | D:1      | Reached XP level 2. HP: 19/22 MP: 2/2
   935 | D:1      | Gained mutation: You are partially covered in yellow
                  | scales. (AC +2) [demonic ancestry]
   935 | D:1      | Reached XP level 3. HP: 28/28 MP: 3/3
  1391 | D:2      | Gained mutation: You have a tail ending in a sharp stinger.
                  | [demonic ancestry]
  1391 | D:2      | Reached XP level 4. HP: 37/37 MP: 4/4
  1783 | D:2      | Noticed Natasha
  1787 | D:2      | Killed Natasha
  1788 | D:2      | Reached skill level 1 in Ranged Weapons
  1931 | D:2      | Reached skill level 2 in Ranged Weapons
  1931 | D:2      | Gained mutation: You are mostly covered in yellow scales.
                  | (AC +3) [demonic ancestry]
  1931 | D:2      | Reached XP level 5. HP: 42/42 MP: 5/5
  1998 | D:2      | Noticed Natasha
  2002 | D:2      | Killed Natasha
  2003 | D:2      | Reached skill level 3 in Ranged Weapons
  2074 | D:2      | Noticed Natasha
  2097 | D:2      | Killed Natasha
  2526 | D:3      | Noticed Grinder
  2529 | D:3      | Paralysed by Grinder for 2 turns
  2534 | D:3      | Killed Grinder
  2535 | D:3      | Reached skill level 4 in Ranged Weapons
  2535 | D:3      | Reached XP level 6. HP: 48/48 MP: 6/6
  2671 | D:3      | Reached skill level 5 in Ranged Weapons
  2932 | D:3      | Reached XP level 7. HP: 34/54 MP: 7/7
  3545 | D:4      | Noticed a hornet
  3554 | D:4      | Killed a hornet
  3555 | D:4      | Reached skill level 6 in Ranged Weapons
  3884 | D:4      | Noticed Pikel
  3894 | D:4      | Noticed Menkaure
  3904 | D:4      | Killed Pikel
  3905 | D:4      | Reached skill level 5 in Dodging
  3905 | D:4      | Reached skill level 7 in Ranged Weapons
  3905 | D:4      | Gained mutation: A weak demonic guardian rushes to your
                  | aid. [demonic ancestry]
  3905 | D:4      | Reached XP level 8. HP: 27/60 MP: 8/8
  4279 | D:4      | Killed Menkaure
  4605 | D:4      | Found a burning altar of Makhleb.
  4614 | D:4      | Noticed Blork the orc
  4623 | D:4      | Killed Blork the orc
  4696 | D:4      | Noticed Sigmund
  4704 | D:4      | Killed Sigmund
  4705 | D:4      | Reached skill level 8 in Ranged Weapons
  4852 | D:4      | Found a shimmering blue altar of Sif Muna.
  5305 | D:5      | Entered Level 5 of the Dungeon
  5439 | D:5      | Reached skill level 9 in Ranged Weapons
  5442 | D:5      | Gained mutation: You have a sharp stinger which inflicts
                  | weakening toxins. [demonic ancestry]
  5442 | D:5      | Reached XP level 9. HP: 60/65 MP: 9/9
  5662 | D:5      | Found Vij Dait's Magic Scroll Boutique.
  5670 | D:5      | Bought a scroll of identify for 28 gold pieces
  5670 | D:5      | Bought 2 scrolls of identify for 56 gold pieces
  5670 | D:5      | Bought a scroll of identify for 28 gold pieces
  5839 | D:5      | Gained mutation: You are frail. (-10% HP) [potion of
                  | mutation]
  5839 | D:5      | Gained mutation: Your flesh is heat resistant. (rF+)
                  | [potion of mutation]
  5839 | D:5      | Gained mutation: Your flesh is very heat resistant. (rF++)
                  | [potion of mutation]
  5896 | D:5      | Found a runed translucent door.
  5897 | D:5      | Noticed Crazy Yiuf
  5908 | D:5      | Killed Crazy Yiuf
  6654 | D:5      | HP: 2/58 [poisoned by a gnoll sergeant]
  6655 | D:5      | Succumbed to a gnoll sergeant's poison

Illustrated notes

Levels and vault maps discovered:
D:1:      erik_arrival_cave_to_civilisation [erik_arrival_cave_to_temple],
          layout_basic
D:2:      layout_rooms, uniq_natasha
D:3:      layout_loops_cross, saegor_snake_ambush, uniq_grinder
D:4:      layout_basic, mainiacjoe_overflow_tiny_flanked, kennysheep_mini,
          skrybe_limestone_x, uniq_sigmund, uniq_menkaure, uniq_blork_the_orc,
          uniq_pikel
D:5:      layout_rooms, serial_shops, nicolae_shop_stone, minmay_misc_feat_rows,
          uniq_crazy_yiuf_cottage
D:6:      layout_loops_cross, minmay_temple_entry_drinking_statues

Skill      XL: |  1  2  3  4  5  6  7  8  9 |
---------------+----------------------------+-----
Stealth        | 1 2 |  2.0
Fighting       | 3 4 |  4.0
Ranged Weapons | 2 4 5 7 9 |  9.0
Dodging        | 5 6 |  6.5
Short Blades   | |  2.6
Throwing       | |  1.7

Action                   |  1- 3 |  4- 6 |  7- 9 || total
-------------------------+-------+-------+-------++-------
Melee: Rapier            |    80 |       |       ||    80
       Tailslap          |     3 |       |       ||     3
       Punch             |     3 |       |       ||     3
 Fire: Sling             |    31 |   143 |   224 ||   398
Throw: Throwing net      |       |       |     1 ||     1
  Use: Scroll            |     2 |     7 |     8 ||    17
       Potion            |       |       |     2 ||     2
 Stab: Sleeping          |     1 |       |       ||     1
Armor: Leather armour    |    52 |    45 |    29 ||   126
Dodge: Dodged            |   101 |    73 |    73 ||   247
